TOP OF THE 1ST |
Houston Astros batting - Pitching for Arizona Diamondbacks : LHP Tim Wybenga
|
Pitching: LHP Tim Wybenga
|
|
Batting: RHB Jesse Scott
|
0-0: Foul Ball, location: 2F 0-1: Swinging Strike 0-2: Ball 1-2: Strikes out swinging
|
Batting: RHB Jeremy Trump
|
0-0: SOLO HOME RUN (Flyball, 89XD, EV 98.1 MPH), Distance : 381 ft
|
Batting: LHB Eric Katz
|
0-0: Ball 1-0: Swinging Strike 1-1: Foul Ball, location: 2F 1-2: Foul Ball, location: 2F 1-2: Strikes out swinging
|
Batting: SHB Jason Woods
|
0-0: Ball 1-0: Called Strike 1-1: Ball 2-1: Ball 3-1: Called Strike 3-2: Ground out U3 (Groundball, 34, EV 100.6 MPH)
|
Top of the 1st over - 1 run, 1 hit, 0 errors, 0 left on base; Houston 1 - Arizona 0 |
BOTTOM OF THE 1ST |
Arizona Diamondbacks batting - Pitching for Houston Astros : RHP Brian Lynch
|
Pitching: RHP Brian Lynch
|
|
Batting: LHB Jason Peck
|
0-0: Ball 1-0: Ball 2-0: Ball 3-0: Called Strike 3-1: Called Strike 3-2: Base on Balls
|
Batting: LHB Roy Steigerwald
|
0-0: Called Strike 0-1: Called Strike 0-2: SINGLE (Line Drive, 4MD, EV 94.4 MPH) Jason Peck to second
|
Batting: LHB Bobby Arevalo
|
0-0: Ball 1-0: Called Strike 1-1: Swinging Strike 1-2: Ball 2-2: Strikes out swinging
|
Batting: RHB Andy Swaim
|
0-0: Ball 1-0: Called Strike 1-1: Called Strike 1-2: Foul Ball, location: 2F 1-2: Foul Ball, location: 2F 1-2: Ball 2-2: Ball 3-2: Base on Balls Jason Peck to third Roy Steigerwald to second
|
Batting: SHB Warren Eisner
|
0-0: Foul Ball, location: 2F 0-1: DOUBLE (Line Drive, 78D, EV 105.6 MPH) Jason Peck scores Roy Steigerwald scores Andy Swaim to third
|
Batting: SHB Salvador Aragon
|
0-0: Fly out, F7 (Line Drive, 7, EV 87.5 MPH)
|
Batting: LHB Mike Mentzer
|
0-0: Ball 1-0: Called Strike 1-1: Ball 2-1: Fly out, F6 (Line Drive, 6, EV 71.2 MPH)
|
Bottom of the 1st over - 2 runs, 2 hits, 0 errors, 2 left on base; Houston 1 - Arizona 2 |
TOP OF THE 2ND |
Houston Astros batting - Pitching for Arizona Diamondbacks : LHP Tim Wybenga
|
Batting: RHB Danny Merrill
|
0-0: Ball 1-0: Foul Ball, location: 2F 1-1: Foul Ball, location: 2F 1-2: Ground out 5-3 (Groundball, 56S, EV 66.9 MPH)
|
Batting: SHB Troy Kenyon
|
0-0: Ball 1-0: Called Strike 1-1: Foul Ball, location: 2F 1-2: Foul Ball, location: 2F 1-2: Strikes out swinging
|
Batting: LHB Jack Christie
|
0-0: Ball 1-0: Ball 2-0: Called Strike 2-1: Ball 3-1: Foul Ball, location: 2F 3-2: SINGLE (Groundball, P, EV 86.2 MPH) (infield hit)
|
Batting: SHB Rich Chavez
|
0-0: Ball 1-0: Foul Ball, location: 2F 1-1: Foul Ball, location: 2F 1-2: Strikes out swinging
|
Top of the 2nd over - 0 runs, 1 hit, 0 errors, 1 left on base; Houston 1 - Arizona 2 |
BOTTOM OF THE 2ND |
Arizona Diamondbacks batting - Pitching for Houston Astros : RHP Brian Lynch
|
Batting: RHB Bob Najar
|
0-0: Called Strike 0-1: Swinging Strike 0-2: Foul Ball, location: 2F 0-2: Strikes out swinging
|
Batting: LHB Kyle Beaulieu
|
0-0: Ball 1-0: Ball 2-0: Called Strike 2-1: TRIPLE (Flyball, 89XD, EV 93.8 MPH)
|
Batting: LHB Jason Peck
|
0-0: Called Strike 0-1: Called Strike 0-2: Foul Ball, location: 2F 0-2: Ball 1-2: Fly out, F8 (Line Drive, 8LM, EV 91.9 MPH)
|
Batting: LHB Roy Steigerwald
|
0-0: Called Strike 0-1: Ball 1-1: Ball 2-1: Fly out, F9 (Flyball, 89D, EV 92.5 MPH)
|
Bottom of the 2nd over - 0 runs, 1 hit, 0 errors, 1 left on base; Houston 1 - Arizona 2 |
TOP OF THE 3RD |
Houston Astros batting - Pitching for Arizona Diamondbacks : LHP Tim Wybenga
|
Batting: SHB Joe Gardner
|
0-0: Ball 1-0: Ground out 4-3 (Groundball, 4M, EV 79.4 MPH)
|
Batting: RHB Jesse Scott
|
0-0: Called Strike 0-1: Foul Ball, location: 2F 0-2: Foul Ball, location: 2F 0-2: Strikes out looking
|
Batting: RHB Jeremy Trump
|
0-0: Ball 1-0: Swinging Strike 1-1: Foul Ball, location: 2F 1-2: Strikes out swinging
|
Top of the 3rd over - 0 runs, 0 hits, 0 errors, 0 left on base; Houston 1 - Arizona 2 |
BOTTOM OF THE 3RD |
Arizona Diamondbacks batting - Pitching for Houston Astros : RHP Brian Lynch
|
Batting: LHB Bobby Arevalo
|
0-0: Foul Ball, location: 2F 0-1: Ball 1-1: Swinging Strike 1-2: Strikes out swinging
|
Batting: RHB Andy Swaim
|
0-0: Ball 1-0: Ball 2-0: Foul Ball, location: 2F 2-1: Swinging Strike 2-2: SINGLE (Groundball, P, EV 82.5 MPH) (infield hit)
|
Batting: SHB Warren Eisner
|
0-0: Fly out, F7 (Flyball, 7LS, EV 83.8 MPH)
|
Batting: SHB Salvador Aragon
|
0-0: Called Strike 0-1: Hit by Pitch Andy Swaim to second
|
Batting: LHB Mike Mentzer
|
0-0: Called Strike 0-1: Called Strike 0-2: Ball 1-2: Ball 2-2: Foul Ball, location: 2F 2-2: Ball 3-2: Base on Balls Andy Swaim to third Salvador Aragon to second
|
Batting: RHB Bob Najar
|
0-0: Called Strike 0-1: Foul Ball, location: 2F 0-2: Ball 1-2: Foul Ball, location: 2F 1-2: Ball 2-2: SINGLE (Line Drive, 8LS, EV 94.4 MPH) Andy Swaim scores Salvador Aragon to third Mike Mentzer to second
|
Batting: LHB Kyle Beaulieu
|
0-0: Called Strike 0-1: Ball 1-1: Ball 2-1: Swinging Strike 2-2: Foul Ball, location: 2F 2-2: Strikes out looking
|
Bottom of the 3rd over - 1 run, 2 hits, 0 errors, 3 left on base; Houston 1 - Arizona 3 |
TOP OF THE 4TH |
Houston Astros batting - Pitching for Arizona Diamondbacks : LHP Tim Wybenga
|
Batting: LHB Eric Katz
|
0-0: Ball 1-0: Called Strike 1-1: Ball 2-1: Swinging Strike 2-2: Ball 3-2: Foul Ball, location: 2F 3-2: SINGLE (Flyball, 5D, EV 90.0 MPH)
|
Batting: SHB Jason Woods
|
0-0: Ball 1-0: Foul Ball, location: 2F 1-1: Ball 2-1: Ball 3-1: Called Strike 3-2: Fly out, F2 (Popup, 23F, EV 91.2 MPH)
|
Batting: RHB Danny Merrill
|
0-0: Ball 1-0: Foul Ball, location: 2F 1-1: Called Strike Eric Katz steals 2nd base 1-2: Foul Ball, location: 2F 1-2: Ball 2-2: Ball 3-2: Base on Balls
|
Batting: SHB Troy Kenyon
|
0-0: Ball 1-0: Ball 2-0: Called Strike 2-1: Ball 3-1: Fly out, F7 (Flyball, 78D, EV 96.2 MPH)
|
Batting: LHB Jack Christie
|
0-0: Ball 1-0: Fly out, F8 (Flyball, 89M, EV 71.9 MPH)
|
Top of the 4th over - 0 runs, 1 hit, 0 errors, 2 left on base; Houston 1 - Arizona 3 |
BOTTOM OF THE 4TH |
Arizona Diamondbacks batting - Pitching for Houston Astros : RHP Brian Lynch
|
Batting: LHB Jason Peck
|
0-0: Ball 1-0: Ball 2-0: Called Strike 2-1: Reached on error, E5 (Groundball, 5, EV 86.9 MPH)
|
Batting: LHB Roy Steigerwald
|
0-0: Called Strike 0-1: Swinging Strike 0-2: Fly out, F2 (Popup, 23F, EV 87.5 MPH)
|
Batting: LHB Bobby Arevalo
|
0-0: Called Strike 0-1: Ball 1-1: Foul Ball, location: 2F 1-2: Ball 2-2: Ball 3-2: Strikes out looking
|
Batting: RHB Andy Swaim
|
0-0: Called Strike 0-1: Foul Ball, location: 2F 0-2: Ball 1-2: Ball 2-2: DOUBLE (Groundball, 5L, EV 105.0 MPH) Jason Peck scores
|
Batting: SHB Warren Eisner
|
0-0: Called Strike 0-1: Swinging Strike 0-2: Strikes out swinging
|
Bottom of the 4th over - 1 run, 1 hit, 1 error, 1 left on base; Houston 1 - Arizona 4 |
TOP OF THE 5TH |
Houston Astros batting - Pitching for Arizona Diamondbacks : LHP Tim Wybenga
|
Batting: SHB Rich Chavez
|
0-0: Swinging Strike 0-1: Ball 1-1: Foul Ball, location: 2F 1-2: Ball 2-2: SINGLE (Groundball, 56D, EV 98.8 MPH)
|
Batting: SHB Joe Gardner
|
0-0: Ball 1-0: Called Strike 1-1: Foul Ball, location: 2F 1-2: Ground out 5-3 (Groundball, 56S, EV 76.2 MPH) Rich Chavez to second
|
Batting: RHB Jesse Scott
|
0-0: Ball 1-0: Ball 2-0: SINGLE (Line Drive, 7S, EV 93.8 MPH) Rich Chavez to third Runner from 3rd tries for Home, SAFE, throw by LF to home
|
Batting: RHB Jeremy Trump
|
0-0: Ball 1-0: Grounds into double play, 5-4-3 (Groundball, 15, EV 80.6 MPH)
|
Top of the 5th over - 1 run, 2 hits, 0 errors, 0 left on base; Houston 2 - Arizona 4 |
BOTTOM OF THE 5TH |
Arizona Diamondbacks batting - Pitching for Houston Astros : RHP Brian Lynch
|
Batting: SHB Salvador Aragon
|
0-0: Swinging Strike 0-1: Swinging Strike 0-2: Foul Ball, location: 2F 0-2: Foul Ball, location: 2F 0-2: Strikes out swinging
|
Pitching: RHP Mike Wirick
|
|
Batting: LHB Mike Mentzer
|
0-0: SINGLE (Groundball, 56S, EV 72.5 MPH) (infield hit)
|
Batting: RHB Bob Najar
|
0-0: Ball 1-0: Called Strike 1-1: Ball 2-1: Ball 3-1: Base on Balls Mike Mentzer to second
|
Batting: LHB Kyle Beaulieu
|
0-0: SINGLE (Line Drive, 6D, EV 98.8 MPH) Mike Mentzer to third Bob Najar to second Runner from 3rd tries for Home, SAFE, throw by CF to home Bob Najar to third Kyle Beaulieu to second
|
Batting: LHB Jason Peck
|
0-0: Called Strike 0-1: Ball 1-1: Ground out U3 (Groundball, 3, EV 91.9 MPH)
|
Batting: LHB Roy Steigerwald
|
0-0: Ground out 4-3 (Groundball, 4, EV 82.5 MPH)
|
Bottom of the 5th over - 1 run, 2 hits, 0 errors, 2 left on base; Houston 2 - Arizona 5 |
TOP OF THE 6TH |
Houston Astros batting - Pitching for Arizona Diamondbacks : LHP Tim Wybenga
|
Batting: LHB Eric Katz
|
0-0: Called Strike 0-1: Fly out, F9 (Flyball, 9S, EV 73.1 MPH)
|
Batting: SHB Jason Woods
|
0-0: Ground out 6-3 (Groundball, 6, EV 83.1 MPH)
|
Batting: RHB Danny Merrill
|
0-0: Ball 1-0: Ball 2-0: SINGLE (Groundball, 4MD, EV 100.0 MPH)
|
Batting: SHB Troy Kenyon
|
0-0: Ball 1-0: Ball Danny Merrill is caught stealing 2nd base 2-4
|
Top of the 6th over - 0 runs, 1 hit, 0 errors, 0 left on base; Houston 2 - Arizona 5 |
BOTTOM OF THE 6TH |
Arizona Diamondbacks batting - Pitching for Houston Astros : RHP Mike Wirick
|
Batting: LHB Bobby Arevalo
|
0-0: Ball 1-0: Ball 2-0: Called Strike 2-1: Ball 3-1: SINGLE (Flyball, 4D, EV 91.2 MPH)
|
Batting: RHB Andy Swaim
|
0-0: Ball 1-0: Called Strike 1-1: Ball 2-1: Foul Ball, location: 2F 2-2: Strikes out swinging
|
Batting: SHB Warren Eisner
|
0-0: Foul Ball, location: 2F 0-1: Ball 1-1: Ball 2-1: Called Strike 2-2: Strikes out swinging
|
Batting: SHB Salvador Aragon
|
0-0: Called Strike 0-1: Ball 1-1: Called Strike Bobby Arevalo steals 2nd base 1-2: Fly out, F7 (Flyball, 7D, EV 100.6 MPH)
|
Bottom of the 6th over - 0 runs, 1 hit, 0 errors, 1 left on base; Houston 2 - Arizona 5 |
TOP OF THE 7TH |
Houston Astros batting - Pitching for Arizona Diamondbacks : LHP Tim Wybenga
|
Batting: SHB Troy Kenyon
|
0-0: Foul Ball, location: 2F 0-1: Ball 1-1: Swinging Strike 1-2: Strikes out swinging
|
Batting: LHB Jack Christie
|
0-0: Ball 1-0: Called Strike 1-1: SINGLE (Flyball, 78S, EV 91.9 MPH)
|
Pitching: RHP Stanford Placard
|
|
Batting: SHB Rich Chavez
|
0-0: Ball 1-0: Called Strike 1-1: Called Strike 1-2: Foul Ball, location: 2F 1-2: Ball 2-2: Foul Ball, location: 2F 2-2: Ball 3-2: Fielders Choice at 2nd, 3-6 (Groundball, 3, EV 84.4 MPH)
|
Batting: SHB Joe Gardner
|
0-0: Foul Ball, location: 2F 0-1: Swinging Strike 0-2: Strikes out swinging
|
Top of the 7th over - 0 runs, 1 hit, 0 errors, 1 left on base; Houston 2 - Arizona 5 |
BOTTOM OF THE 7TH |
Arizona Diamondbacks batting - Pitching for Houston Astros : RHP Mike Wirick
|
Pitching: RHP Moises Hernandez Jr.
|
|
Batting: LHB Mike Mentzer
|
0-0: Ball 1-0: Fly out, F2 (Popup, 25F, EV 78.1 MPH)
|
Batting: RHB Bob Najar
|
0-0: Ball 1-0: Ball 2-0: Swinging Strike 2-1: Ball 3-1: Base on Balls
|
Batting: LHB Kyle Beaulieu
|
0-0: Ball 1-0: Swinging Strike 1-1: Ball 2-1: Ball 3-1: Called Strike 3-2: Base on Balls Bob Najar to second
|
Batting: LHB Jason Peck
|
0-0: Ball 1-0: Ball Wild Pitch! Bob Najar to third Kyle Beaulieu to second 2-0: SINGLE (Line Drive, 89S, EV 91.9 MPH) Bob Najar scores Kyle Beaulieu to third Runner from 3rd tries for Home, SAFE, throw by RF to home
|
Batting: LHB Roy Steigerwald
|
0-0: Ball 1-0: Called Strike 1-1: Swinging Strike 1-2: Foul Ball, location: 2F 1-2: Ball 2-2: Foul Ball, location: 2F 2-2: Foul Ball, location: 2F 2-2: Foul Ball, location: 2F 2-2: Strikes out swinging
|
Pitching: RHP Ricardo Acosta
|
|
Batting: LHB Bobby Arevalo
|
0-0: Ball 1-0: Foul Ball, location: 2F 1-1: Ball 2-1: Ball 3-1: Called Strike 3-2: Strikes out swinging
|
Bottom of the 7th over - 2 runs, 1 hit, 0 errors, 1 left on base; Houston 2 - Arizona 7 |
TOP OF THE 8TH |
Houston Astros batting - Pitching for Arizona Diamondbacks : RHP Stanford Placard
|
Batting: RHB Jesse Scott
|
0-0: Called Strike 0-1: Ball 1-1: Swinging Strike 1-2: Strikes out swinging
|
Batting: RHB Jeremy Trump
|
0-0: SINGLE (Line Drive, 7LS, EV 105.0 MPH)
|
Batting: LHB Eric Katz
|
0-0: Fielders Choice at 2nd, 3-6 (Groundball, 3, EV 83.8 MPH)
|
Batting: SHB Jason Woods
|
0-0: Ball 1-0: Foul Ball, location: 2F 1-1: Ball 2-1: Swinging Strike 2-2: Foul Ball, location: 2F 2-2: Foul Ball, location: 2F 2-2: Ground out 2-3 (Groundball, 13S, EV 73.8 MPH)
|
Top of the 8th over - 0 runs, 1 hit, 0 errors, 1 left on base; Houston 2 - Arizona 7 |
BOTTOM OF THE 8TH |
Arizona Diamondbacks batting - Pitching for Houston Astros : RHP Ricardo Acosta
|
Batting: RHB Andy Swaim
|
0-0: Called Strike 0-1: Ball 1-1: Foul Ball, location: 2F 1-2: Ball 2-2: Foul Ball, location: 2F 2-2: Ball 3-2: Strikes out swinging
|
Batting: SHB Warren Eisner
|
0-0: Swinging Strike 0-1: Ball 1-1: Ball 2-1: Swinging Strike 2-2: SOLO HOME RUN (Flyball, 9D, EV 96.9 MPH), Distance : 370 ft
|
Batting: SHB Salvador Aragon
|
0-0: Ball 1-0: Ball 2-0: Ball 3-0: Base on Balls
|
Batting: LHB Mike Mentzer
|
0-0: Called Strike 0-1: SINGLE (Groundball, 34D, EV 103.1 MPH) Salvador Aragon to second Runner from 2nd tries for 3rd, SAFE, throw by RF made to third
|
Batting: RHB Bob Najar
|
0-0: Swinging Strike 0-1: Swinging Strike 0-2: Ball 1-2: Ball Mike Mentzer steals 2nd base 2-2: Ball 3-2: Base on Balls
|
Pitching: LHP Jimmy Edlin
|
|
Batting: LHB Kyle Beaulieu
|
0-0: Ball 1-0: Ball 2-0: Called Strike 2-1: DOUBLE (Line Drive, 9LD, EV 108.8 MPH) Salvador Aragon scores Mike Mentzer scores Bob Najar to third Runner from 3rd tries for Home, SAFE, throw by RF to home
|
Batting: LHB Jason Peck
|
0-0: Called Strike 0-1: Ball 1-1: Foul Ball, location: 2F 1-2: Ball 2-2: Ball 3-2: Foul Ball, location: 2F 3-2: Foul Ball, location: 2F 3-2: Foul Ball, location: 2F 3-2: Base on Balls
|
Batting: LHB Roy Steigerwald
|
0-0: Ball 1-0: Swinging Strike 1-1: Called Strike 1-2: Strikes out swinging
|
Batting: LHB Bobby Arevalo
|
0-0: Ball 1-0: Ball 2-0: Called Strike 2-1: Called Strike 2-2: Strikes out looking
|
Bottom of the 8th over - 4 runs, 3 hits, 0 errors, 2 left on base; Houston 2 - Arizona 11 |
TOP OF THE 9TH |
Houston Astros batting - Pitching for Arizona Diamondbacks : RHP Stanford Placard
|
Batting: RHB Danny Merrill
|
0-0: Foul Ball, location: 2F 0-1: Ball 1-1: Ball 2-1: Called Strike 2-2: Strikes out looking
|
Batting: SHB Troy Kenyon
|
0-0: Ball 1-0: Called Strike 1-1: Ball 2-1: Called Strike 2-2: Ball 3-2: Foul Ball, location: 2F 3-2: Foul Ball, location: 2F 3-2: Fly out, F9 (Flyball, 9, EV 89.4 MPH)
|
Batting: LHB Jack Christie
|
0-0: Swinging Strike 0-1: Called Strike 0-2: SINGLE (Groundball, 4D, EV 107.5 MPH)
|
Batting: SHB Rich Chavez
|
0-0: DOUBLE (Line Drive, 89M, EV 90.0 MPH) Jack Christie to third
|
Pitching: RHP David Mendoza
|
|
Batting: SHB Joe Gardner
|
0-0: Foul Ball, location: 2F 0-1: Ball 1-1: Ball 2-1: Foul Ball, location: 2F 2-2: Ball 3-2: Strikes out swinging
|
Top of the 9th over - 0 runs, 2 hits, 0 errors, 2 left on base; Houston 2 - Arizona 11 |
|